 Dungeon Crawl Stone Soup version 0.24-a0-463-g3510def36b (webtiles) character file.

Game seed: 2722148363003768020

215699 Azzok the Executioner (level 19, -1/121 HPs)
             Began as a Formicid Fighter on July 1, 2019.
             Was the Champion of Okawaru.
             Slain by a jumping spider (4 damage)
             ... on level 4 of the Spider Nest on July 2, 2019.
             The game lasted 01:52:25 (59669 turns).

Azzok the Executioner (Formicid Fighter)           Turns: 59669, Time: 01:52:25

Health: -1/121     AC: 19    Str: 35      XL:     19   Next: 76%
Magic:  3/25       EV: 11    Int: 14      God:    Okawaru [******]
Gold:   2189       SH: 15    Dex: 13 (14) Spells: 18/18 levels left

rFire    + + .     SeeInvis +   Y - +2 executioner's axe of Xodi {vamp, *Slow rElec rF+ Int+5}
rCold    . . .     Gourm    .   N - +2 shield {reflect}
rNeg     . . .     Faith    +   D - +0 plate armour
rPois    +         Spirit   .   (helmet unavailable)
rElec    +         Reflect  +   z - scarf {rC+ rF+}
rCorr    .         Harm     .   C - +2 pair of gloves {Str+3}
MR       +....                  X - +0 pair of boots of Ogeekk {+Inv rC- Dex+4 Slay+5}
Stlth    ..........             c - amulet of Vulicein {Faith rElec Str+4}
HPRegen  0.30/turn              U - +3 ring of evasion
MPRegen  0.19/turn              q - ring of poison resistance

@: no status effects
A: permanent stasis, dig shafts and tunnels, four strong arms, antennae 3
}: 1/15 runes: decaying
a: Dig, Shaft Self, Heroism, Finesse, Renounce Religion, Evoke Invisibility


You were on level 4 of the Spider Nest.
You worshipped Okawaru.
Okawaru was exalted by your worship.
You were not hungry.

You visited 5 branches of the dungeon, and saw 31 of its levels.
You also visited: Ossuary.

You collected 3171 gold pieces.
You spent 982 gold pieces at shops.

Inventory:

Hand Weapons
 b - a +1 eveningstar of flaming
 r - a +2 executioner's axe of chopping
 t - a +0 demon whip of electrocution
 Y - the +2 executioner's axe of Xodi (weapon) {vamp, *Slow rElec rF+ Int+5}
   (You bought it in a shop on level 2 of the Orcish Mines)

   It inflicts no extra harm, but heals its wielder when it wounds a living foe.
   It affects your intelligence (+5).
   It protects you from fire.
   It insulates you from electricity.
   It may slow you when you take damage.
Missiles
 J - 3 throwing nets (quivered)
Armour
 z - a scarf of resistance (worn)
 C - a +2 pair of gloves of strength (worn)
 D - a +0 plate armour (worn)
 N - a +2 shield of reflection (worn)
 V - a +1 pair of boots of running
 W - the +0 chain mail "Olianas" {-Tele rC++ Regen+ Int+2}
   (Okawaru gifted it to you on level 4 of the Swamp)

   It affects your intelligence (+2).
   It greatly protects you from cold.
   It prevents most forms of teleportation.
   It increases your rate of regeneration.
 X - the +0 pair of boots of Ogeekk (worn) {+Inv rC- Dex+4 Slay+5}
   (Okawaru gifted it to you on level 3 of the Spider Nest)

   It affects your dexterity (+4).
   It affects your accuracy and damage with ranged weapons and melee attacks
   (+5).
   It makes you vulnerable to cold.
   It lets you turn invisible.
Jewellery
 c - the amulet of Vulicein (around neck) {Faith rElec Str+4}
   (You acquired it on level 2 of the Orcish Mines)

   [amulet of faith]

   It allows you to gain divine favour quickly.
   It affects your strength (+4).
   It insulates you from electricity.
 n - an uncursed ring of protection from magic
 q - a ring of poison resistance (right hand)
 O - an uncursed ring of resist corrosion
 S - an uncursed ring of protection from cold
 U - a +3 ring of evasion (left hand)
Wands
 a - a wand of acid (45)
 y - a wand of iceblast (46)
 A - a wand of paralysis (12)
 I - a wand of digging (5)
 K - a wand of disintegration (6)
 L - a wand of clouds (9)
Scrolls
 e - 6 scrolls of enchant weapon
 g - 12 scrolls of remove curse
 k - 3 scrolls of immolation
 s - 4 scrolls of fog
 u - 5 scrolls of fear
 w - 6 scrolls of magic mapping
 G - 6 scrolls of enchant armour
 H - 2 scrolls of silence
 M - a scroll of holy word {unknown}
 Q - 2 scrolls of summoning
Potions
 d - 6 potions of might
 j - 3 potions of ambrosia {unknown}
 l - 3 potions of heal wounds
 m - 2 potions of magic
 p - 11 potions of curing
 v - 2 potions of resistance
 x - 3 potions of flight
 B - 5 potions of mutation {!q}
 E - 5 potions of lignification
 F - 3 potions of agility
 R - 2 potions of cancellation
Comestibles
 f - 34 rations
 h - 4 chunks of flesh


   Skills:
 - Level 3.2 Fighting
 + Level 24.8(25.4) Axes
 - Level 11.8(19.8) Maces & Flails
 - Level 10.1 Armour
 - Level 9.0 Shields
 - Level 9.1 Invocations
 - Level 9.1 Evocations


You had 18 spell levels left.
You didn't know any spells.
Your spell library contained the following spells:

 Spells                   Type           Power        Failure   Level  Hunger
 Beastly Appendage        Tmut           #.....       85%         1    ##.....
 Infusion                 Chrm           #...         85%         1    ##.....
 Magic Dart               Conj           #...         85%         1    ##.....
 Summon Butterflies       Summ           #.......     85%         1    ##.....
 Summon Small Mammal      Summ           #...         85%         1    ##.....
 Call Imp                 Summ           #.......     94%         2    ###....
 Corpse Rot               Necr           N/A          94%         2    ###....
 Shroud of Golubria       Chrm/Tloc      #.....       94%         2    ###....
 Slow                     Hex            #.......     94%         2    ###....
 Sticks to Snakes         Tmut           #.......     94%         2    ###....
 Sublimation of Blood     Necr           #.........   94%         2    ###....
 Call Canine Familiar     Summ           #.......     99%         3    ####...
 Conjure Flame            Conj/Fire      #.......     99%         3    ####...
 Ignite Poison            Fire/Tmut/Pois #.......     99%         3    ####...
 Lesser Beckoning         Tloc           #.........   99%         3    ####...
 Mephitic Cloud           Conj/Pois/Air  #.......     99%         3    ####...
 Recall                   Summ/Tloc      N/A          99%         3    ####...
 Spider Form              Tmut/Pois      #.........   99%         3    ####...
 Ice Form                 Ice/Tmut       #.......     100%        4    #####..
 Petrify                  Tmut/Erth      #.......     100%        4    #####..
 Summon Ice Beast         Ice/Summ       #.......     100%        4    #####..
 Summon Lightning Spire   Summ/Air       #.......     100%        4    #####..
 Agony                    Necr           #.......     100%        5    ######.
 Alistair's Intoxication  Tmut/Pois      #.......     100%        5    ######.
 Aura of Abjuration       Summ           #.........   100%        5    ######.
 Blade Hands              Tmut           #.........   100%        5    ######.
 Bolt of Draining         Conj/Necr      #.........   100%        5    ######.
 Dispel Undead            Necr           #.......     100%        5    ######.
 Excruciating Wounds      Chrm/Necr      #.........   100%        5    ######.
 Irradiate                Conj/Tmut      #.........   100%        5    ######.
 Summon Demon             Summ           #.........   100%        5    ######.
 Summon Forest            Summ/Tloc      #.........   100%        5    ######.
 Summon Mana Viper        Hex/Summ       #.......     100%        5    ######.
 Dispersal                Tloc           #.........   100%        6    #######
 Shadow Creatures         Summ           N/A          100%        6    #######
 Summon Hydra             Summ           #.........   100%        7    #######
 Dragon's Call            Summ           #.........   100%        9    #######
 Blink                    Tloc           Unusable     N/A         2    N/A
 Controlled Blink         Tloc           Unusable     N/A         8    N/A

Dungeon Overview and Level Annotations

Branches:
Dungeon (15/15)            Temple (0/1) D:4            Lair (6/6) D:9
  Swamp (4/4) Lair:4       Spider (4/4) Lair:3        Slime (0/5) Lair:5
    Orc (2/2) D:9             Elf (0/3) Orc:2        Vaults (0/5) D:14
 Depths (0/5) D:15

Altars:
Dithmenos
Fedhas
Gozag
Kikubaaqudgha
Makhleb
Okawaru
Qazlal
Ru
Trog
Uskayaw
Wu Jian
Zin

Shops:
D:4 *   D:8 (   Orc:1 }   Orc:2 (%:?(

Annotations:
D:2 exclusion: oklob plant
D:8 1 runed translucent door, vurker's ghost, novice GnSu
D:15 exclusion: 2 doors
Lair:4 exclusion: oklob plant
Swamp:3 3 runed translucent doors, Ezendos's ghost, adept OgTm; Wif Ysi's ghost, adept DsAK; adept's ghost, journeyman MiFi
Spider:1 2 runed translucent doors, hitsuchi's ghost, adept MiAK
Spider:4 Arachne
Orc:2 3 runed translucent doors, exclusion: obsidian statue, vurker's ghost, journeyman HOFi


Innate Abilities, Weirdness & Mutations

You cannot be hasted, slowed, berserked, paralysed or teleported.
You can dig through walls and to a lower floor.
Your four strong arms can wield two-handed weapons with a shield.
You have a pair of large antennae on your head. (SInv)


Message History

The spark wasp shocks you. You resist.
* * * LOW HITPOINT WARNING * * *
The hornet stings you but does no damage.
The redback bites you but does no damage.
The hornet stings you but does no damage.
The redback bites you.
* * * LOW HITPOINT WARNING * * *
The jumping spider pounces on you.
* * * LOW HITPOINT WARNING * * *
The jumping spider bites you but does no damage.
The entropy weaver struggles to get unstuck from the web.
The web tears apart.
You block the spark wasp's attack. You block the hornet's attack.
The redback bites you!
* * * LOW HITPOINT WARNING * * *
The hornet stings you.
* * * LOW HITPOINT WARNING * * *
The redback bites you.
* * * LOW HITPOINT WARNING * * *
The jumping spider pounces on you.
You die...

▒········▒^···▒ {
··········^··▒▒
····^▒······▒▒ ▒▒·
··▒·········▒ { ▒▒···
·^··········▒ ···^·^
!···▒·······▒ ··s··▒
†·^····▒····▒▒▒▒▒▒▒s··a·^
†·▒··▒·········^yys······
···············y@sss·····
·············s·†ss'······
·······▒····▒▒▒▒▒▒▒······
·······▒····▒ ····▒
··^^········▒ ^···
··▒·········▒ { ···
············▒▒ { ▒·
▒············▒▒
··············▒▒{


You could see an entropy weaver (webbed), a spark wasp, a wolf spider, 2 orb
spiders, 2 hornets, 2 jumping spiders, 2 tarantellas and 2 redbacks.

Vanquished Creatures
  Rupert (Orc:2)
  Asterion (Spider:1)
  A tengu reaver (D:15)
  2 thorn hunters
  Donald (Orc:2)
  2 ghost moths
  2 emperor scorpions
  A frost giant (D:15)
  3 entropy weavers
  A stone giant (Orc:2)
  A deep elf annihilator (D:15)
  3 very ugly things
  Azrael (Orc:2)
  Nessos (Lair:5)
  2 ettins
  2 spark wasps (Spider:3)
  2 green deaths (Swamp:4)
  A death ooze (Swamp:4)
  A deep elf high priest (D:15)
  A great orb of eyes (D:15)
  2 hell beasts (Swamp:4)
  Harold (Lair:2)
  4 ogre magi
  Fannar (Orc:1)
  19 hydras
  2 ghost crabs
  An ice dragon (D:14)
  7 centaur warriors
  A death knight (D:14)
  10 two-headed ogres
  A catoblepas (D:15)
  A shambling mangrove (Swamp:4)
  2 dancing weapons (D:14)
  2 tengu warriors
  10 alligators
  A queen ant (Spider:3)
  An anaconda (shapeshifter) (D:14)
  3 death yaks (Lair:6)
  2 orc high priests
  2 thrashing horrors (Swamp:4)
  A deep elf knight (D:15)
  5 skeletal warriors
  3 spriggan druids
  9 swamp dragons
  5 unseen horrors
  A phantasmal warrior (D:15)
  An orc knight (D:15)
  A wolf spider zombie (D:15)
  2 deep trolls (Orc:2)
  A harpy (D:15)
  25 wolf spiders
  17 orb spiders
  4 cyclopes
  7 ugly things
  3 deep elf magi
  4 manticores
  An orc sorcerer (Orc:1)
  29 elephants
  2 torpor snails
  Psyche (D:9)
  5 black mambas
  2 orange demons (Swamp:4)
  13 spiny frogs
  A gargoyle (D:14)
  2 efreet
  A rime drake (Lair:4)
  A freezing wraith (D:15)
  3 kobold demonologists
  A rime drake (shapeshifter) (D:15)
  7 demonic crawlers
  A komodo dragon (shapeshifter) (D:15)
  13 komodo dragons
  2 yaktaurs (D:15)
  3 meliai (Spider:4)
  A queen bee (Spider:4)
  24 jumping spiders
  A tengu conjurer (D:14)
  A polar bear (Lair:3)
  15 hornets
  10 tyrant leeches
  11 trolls
  A wolf spider simulacrum (D:14)
  Grinder (D:3)
  12 hippogriffs
  10 bog bodies
  6 blink frogs
  13 dream sheep (Lair:6)
  36 slime creatures
  A vampire (D:15)
  Sigmund (D:2)
  64 redbacks
  7 shadows
  9 spriggans
  29 tarantellas
  3 wraiths
  57 yaks
  4 wyverns
  3 basilisks
  5 fire elementals
  Grum (D:9)
  3 hungry ghosts
  6 vampire mosquitoes
  14 swamp worms
  Menkaure (D:7)
  20 soldier ants
  6 wargs
  A harpy simulacrum (D:15)
  10 water moccasins
  4 acid dragons
  2 hell hounds (Orc:2)
  7 porcupines
  18 orc warriors
  3 sky beasts
  6 ice beasts
  A swamp drake (Swamp:3)
  2 phantoms
  26 ogres
  2 black bears
  A hornet zombie (D:9)
  3 eyes of draining
  2 necrophages
  13 centaurs
  5 wolves
  12 crocodiles
  2 big kobolds (D:11)
  16 bullfrogs
  A gnoll sergeant (D:8)
  4 scorpions
  21 killer bees
  14 wights
  2 electric eels (Lair:4)
  A howler monkey (D:4)
  5 centaur zombies
  5 bullfrog zombies
  10 crimson imps
  16 jellies
  A quasit (D:15)
  4 bullfrog skeletons
  3 hounds
  Crazy Yiuf (D:7)
  A gnoll shaman (D:4)
  12 orc priests
  3 centaur skeletons
  Terence (D:3)
  29 orc wizards
  4 iguanas
  34 worker ants
  12 mummies (Ossuary)
  4 hound skeletons
  A hound zombie (D:5)
  3 worker ant zombies (D:5)
  16 gnolls
  A howler monkey skeleton (D:5)
  19 adders
  A shadow imp (D:15)
  3 oozes
  An adder zombie (D:5)
  4 adder skeletons
  3 worms
  2 dart slugs
  6 leopard geckos
  93 orcs
  8 bats
  2 giant cockroaches
  8 goblins
  12 hobgoblins
  18 kobolds
  8 quokkas
  2 ball python skeletons (D:5)
  A frilled lizard (D:1)
  2 gnoll skeletons (Ossuary)
  2 goblin skeletons (Ossuary)
  A jackal skeleton (D:5)
  A jackal zombie (D:5)
  A kobold skeleton (Ossuary)
  2 leopard gecko skeletons (D:5)
  A leopard gecko zombie (D:5)
  3 orc skeletons (Ossuary)
  2 quokka skeletons
  7 rats
  11 rat skeletons (Ossuary)
  A briar patch (Swamp:3)
  8 fungi
  4 plants
1238 creatures vanquished.

Vanquished Creatures (others)
  Erica (D:10)
  A centaur skeleton (D:15)
  A hornet (Swamp:1)
  3 centaurs
  An orc priest (Orc:1)
  8 fungi
  12 plants
27 creatures vanquished.

Grand Total: 1265 creatures vanquished

Notes
Turn   | Place    | Note
-------+----------+-------------------------------------------
     0 | D:1      | Azzok the Formicid Fighter began the quest for the Orb.
     0 | D:1      | Reached XP level 1. HP: 18/18 MP: 1/1
    56 | D:1      | Reached XP level 2. HP: 22/24 MP: 2/2
   497 | D:1      | Reached XP level 3. HP: 29/29 MP: 3/3
   855 | D:2      | Reached skill level 1 in Maces & Flails
   940 | D:2      | Reached XP level 4. HP: 35/35 MP: 4/4
  1066 | D:2      | Found a blossoming altar of Fedhas.
  1085 | D:2      | Noticed an oklob plant
  1296 | D:2      | Noticed Sigmund
  1307 | D:2      | Killed Sigmund
  1307 | D:2      | Reached XP level 5. HP: 28/41 MP: 5/5
  1307 | D:2      | Reached XP level 6. HP: 33/47 MP: 6/6
  1522 | D:2      | Found a bloodstained altar of Trog.
  1522 | D:2      | Found a hide-covered altar of Uskayaw.
  1894 | D:2      | Found a sacrificial altar of Ru.
  1905 | D:2      | Found an ancient bone altar of Kikubaaqudgha.
  2219 | D:3      | Found an iron altar of Okawaru.
  2246 | D:3      | Noticed Grinder
  2356 | D:3      | Became a worshipper of Warmaster Okawaru
  2379 | D:3      | Killed Grinder
  2379 | D:3      | Reached * piety under Okawaru
  2379 | D:3      | Reached XP level 7. HP: 29/52 MP: 7/7
  2879 | D:3      | Found a burning altar of Makhleb.
  2879 | D:3      | Found a stormy altar of Qazlal.
  3002 | D:3      | Noticed Terence
  3009 | D:3      | Killed Terence
  3033 | D:3      | Found a shadowy altar of Dithmenos.
  3274 | D:3      | Reached skill level 5 in Maces & Flails
  3962 | D:4      | Reached XP level 8. HP: 57/58 MP: 8/8
  4063 | D:4      | Found a staircase to the Ecumenical Temple.
  4203 | D:4      | Found Veuvah's Assorted Antiques.
  4245 | D:4      | Bought a scroll of identify for 46 gold pieces
  4278 | D:5      | Entered Level 5 of the Dungeon
  4660 | D:5      | Reached ** piety under Okawaru
  5380 | D:5      | Reached XP level 9. HP: 55/63 MP: 7/9
  5446 | D:5      | Reached skill level 1 in Invocations
  5725 | D:6      | Reached *** piety under Okawaru
  6115 | D:6      | Reached skill level 5 in Invocations
  6338 | D:6      | Found a glowing silver altar of Zin.
  6500 | D:7      | Reached XP level 10. HP: 43/69 MP: 10/14
  6552 | D:7      | Reached **** piety under Okawaru
  6719 | D:7      | Found a sand-covered staircase.
  6729 | Ossuary  | Entered an ossuary
  7530 | D:7      | Found a runed translucent door.
  7531 | D:7      | Noticed Crazy Yiuf
  7544 | D:7      | Killed Crazy Yiuf
  7623 | D:7      | Noticed Menkaure
  7631 | D:7      | Killed Menkaure
  7631 | D:7      | Reached skill level 10 in Maces & Flails
  8085 | D:8      | Found Zodetilo's Antique Weapon Shoppe.
  9616 | D:8      | Noticed a two-headed ogre
  9658 | D:8      | Killed a two-headed ogre
  9658 | D:8      | Reached ***** piety under Okawaru
  9658 | D:8      | Reached XP level 11. HP: 42/74 MP: 11/17
 10068 | D:8      | Found a runed translucent door.
 10070 | D:8      | Noticed vurker's ghost (novice GnSu)
 10070 | D:8      | Identified the +4 spear of Tempafenan {pierce, +Fly rPois}
 10845 | D:9      | Reached skill level 5 in Evocations
 10986 | D:9      | Noticed Grum
 11112 | D:8      | Received a gift from Okawaru
 11394 | D:9      | Killed Grum
 11548 | D:9      | Found a staircase to the Orcish Mines.
 12262 | D:9      | Noticed Psyche
 12296 | D:9      | Killed Psyche
 12691 | D:9      | Found a staircase to the Lair.
 12831 | D:10     | Entered Level 10 of the Dungeon
 12849 | D:10     | Received a gift from Okawaru
 12856 | D:10     | Reached skill level 5 in Armour
 12860 | D:10     | Reached XP level 12. HP: 7/80 MP: 1/18
 13377 | D:10     | Reached skill level 3 in Axes
 13441 | D:10     | Noticed Erica
 13458 | D:10     | Killed Erica
 13497 | D:10     | Noticed a two-headed ogre
 13523 | D:10     | Killed a two-headed ogre
 13523 | D:10     | Reached skill level 4 in Axes
 13717 | D:10     | Reached skill level 5 in Axes
 14195 | D:11     | Reached skill level 6 in Axes
 14590 | D:11     | Reached skill level 7 in Axes
 15087 | Lair:1   | Entered Level 1 of the Lair of Beasts
 15160 | Lair:1   | Reached skill level 8 in Axes
 15451 | Lair:1   | You fall into a shaft and drop 1 floor!
 15451 | Lair:2   | Noticed Harold
 15460 | Lair:2   | Killed Harold
 15619 | Lair:2   | Reached skill level 9 in Axes
 15632 | Lair:2   | Reached ****** piety under Okawaru
 15898 | Lair:2   | Received a gift from Okawaru
 16161 | Lair:2   | Reached XP level 13. HP: 73/85 MP: 15/19
 16305 | Lair:2   | Identified the Volume of Helpful Dislocation
 16639 | Lair:2   | Reached skill level 10 in Axes
 17927 | Lair:2   | Reached skill level 11 in Axes
 19166 | Lair:3   | Found a hole to the Spider Nest.
 19514 | Lair:4   | Reached skill level 12 in Axes
 20323 | Lair:4   | Found a sacrificial altar of Ru.
 20581 | Lair:4   | Reached skill level 13 in Axes
 20688 | Lair:4   | Noticed an eight-headed hydra
 20721 | Lair:4   | Killed a one-headed hydra
 20721 | Lair:4   | Received a gift from Okawaru
 21541 | Lair:4   | Found a staircase to the Swamp.
 22207 | Lair:5   | Reached XP level 14. HP: 92/93 MP: 18/20
 22382 | Lair:5   | Noticed Nessos
 22426 | Lair:5   | Killed Nessos
 22426 | Lair:5   | Reached skill level 14 in Axes
 22995 | Lair:5   | Found a staircase to the Slime Pits.
 23663 | Lair:6   | Entered Level 6 of the Lair of Beasts
 24414 | Lair:6   | Reached skill level 15 in Axes
 24790 | Lair:6   | Received a gift from Okawaru
 25688 | Lair:6   | Received a gift from Okawaru
 26435 | Lair:6   | Reached XP level 15. HP: 95/98 MP: 19/21
 26719 | Orc:1    | Entered Level 1 of the Orcish Mines
 27181 | Orc:2    | Entered Level 2 of the Orcish Mines
 27399 | Orc:2    | Found Retsola's Antique Weapon Shoppe.
 27420 | Orc:2    | Noticed Rupert
 27437 | Orc:2    | Killed Rupert
 27437 | Orc:2    | Reached skill level 10 in Armour
 27454 | Orc:2    | Found a runed translucent gate.
 27455 | Orc:2    | Found a runed translucent gate.
 27455 | Orc:2    | Found a runed translucent gate.
 27455 | Orc:2    | Found an opulent altar of Gozag.
 27461 | Orc:2    | Noticed vurker's ghost (journeyman HOFi)
 27472 | Orc:1    | Found Foppoiv's Gadget Shoppe.
 27542 | Orc:1    | Noticed Fannar
 27564 | Orc:1    | Killed Fannar
 27754 | Orc:2    | Reached skill level 16 in Axes
 28364 | Orc:2    | Found a staircase to the Elven Halls.
 28366 | Orc:2    | Noticed Donald
 28382 | Orc:2    | Killed Donald
 29524 | Orc:2    | Noticed a stone giant
 29546 | Orc:2    | Killed a stone giant
 29546 | Orc:2    | Reached skill level 17 in Axes
 29916 | Orc:2    | Received a gift from Okawaru
 30118 | Orc:2    | Found Joih's Magic Scroll Shop.
 30124 | Orc:2    | Found Ugyr's Food Boutique.
 30197 | Orc:2    | Noticed Azrael
 30436 | Orc:2    | Killed Azrael
 30734 | Orc:2    | Found Rappy's Weapon Emporium.
 30902 | Orc:2    | Found Ogekhlus's Book Shop.
 30975 | Orc:2    | Bought a scroll of magic mapping for 56 gold pieces
 30975 | Orc:2    | Bought a scroll of identify for 32 gold pieces
 30975 | Orc:2    | Bought a scroll of enchant armour for 120 gold pieces
 31028 | Orc:2    | Bought a smoking executioner's axe for 390 gold pieces
 31028 | Orc:2    | Identified the +2 executioner's axe of Xodi {vamp, *Slow
                  | rElec rF+ Int+5} (You bought it in a shop on level 2 of the
                  | Orcish Mines)
 31032 | Orc:2    | Bought a glowing executioner's axe for 338 gold pieces
 31225 | Orc:2    | Identified a scroll of acquirement
 31228 | Orc:2    | Got a twitching bronze amulet
 32443 | D:12     | Identified the amulet of Vulicein {Faith rElec Str+4} (You
                  | acquired it on level 2 of the Orcish Mines)
 32702 | D:13     | Reached XP level 16. HP: 102/104 MP: 22/22
 32871 | D:13     | Reached skill level 18 in Axes
 33436 | D:13     | Received a gift from Okawaru
 34945 | D:14     | Found a gate to the Vaults.
 35851 | D:14     | Received a gift from Okawaru
 36170 | D:15     | Entered Level 15 of the Dungeon
 36178 | D:15     | Reached skill level 19 in Axes
 36880 | D:15     | Found a staircase to the Depths.
 36973 | D:15     | Found a shadowy altar of Dithmenos.
 36974 | D:15     | Found a stormy altar of Qazlal.
 36974 | D:15     | Found an ornate altar of the Wu Jian Council.
 37253 | D:15     | Noticed a frost giant
 37271 | D:15     | Killed a frost giant
 37901 | D:15     | Received a gift from Okawaru
 38095 | D:15     | Reached skill level 20 in Axes
 38279 | D:15     | Noticed a tengu reaver
 38289 | D:15     | Reached XP level 17. HP: 35/109 MP: 16/23
 39099 | D:15     | Killed a tengu reaver
 39257 | D:15     | Received a gift from Okawaru
 40480 | Swamp:1  | Entered Level 1 of the Swamp
 40509 | Swamp:1  | Upgraded the game from 0.24-a0-462-ge24419a6ad to
                  | 0.24-a0-463-g3510def36b
 40802 | Swamp:1  | Reached skill level 21 in Axes
 41248 | Swamp:1  | Received a gift from Okawaru
 42055 | Swamp:2  | Identified the Handbook of Supportive Aid
 43906 | Swamp:3  | Found a runed translucent gate.
 43907 | Swamp:3  | Found a runed translucent gate.
 43908 | Swamp:3  | Found a runed translucent gate.
 43909 | Swamp:3  | Noticed adept's ghost (journeyman MiFi)
 44086 | Swamp:3  | Noticed Ezendos's ghost (adept OgTm)
 44086 | Swamp:3  | Noticed Wif Ysi's ghost (adept DsAK)
 44667 | Swamp:3  | Noticed a thorn hunter
 44691 | Swamp:3  | Killed a thorn hunter
 45003 | Swamp:3  | Reached XP level 18. HP: 116/116 MP: 24/24
 45169 | Swamp:3  | Reached skill level 22 in Axes
 45975 | Swamp:4  | Entered Level 4 of the Swamp
 47441 | Swamp:4  | Received a gift from Okawaru
 48789 | Swamp:4  | Identified a +1 pair of boots of running (You found it on
                  | level 4 of the Swamp)
 49300 | Swamp:4  | Received a gift from Okawaru
 49329 | Swamp:4  | Got a steaming chain mail {god gift}
 49346 | Swamp:4  | Identified the +0 chain mail "Olianas" {-Tele rC++ Regen+
                  | Int+2} (Okawaru gifted it to you on level 4 of the Swamp)
 49918 | Swamp:4  | Got a decaying rune of Zot
 50021 | Swamp:4  | Reached skill level 23 in Axes
 50160 | Spider:1 | Entered Level 1 of the Spider Nest
 50588 | Spider:1 | Noticed Asterion
 50785 | Spider:1 | Killed Asterion
 50920 | Spider:1 | Found a large runed translucent door.
 50920 | Spider:1 | Found a large runed translucent door.
 50921 | Spider:1 | Noticed hitsuchi's ghost (adept MiAK)
 53743 | Spider:2 | Reached XP level 19. HP: 93/121 MP: 25/25
 55112 | Spider:2 | Received a gift from Okawaru
 55655 | Spider:3 | Reached skill level 24 in Axes
 57186 | Spider:3 | Received a gift from Okawaru
 57391 | Spider:3 | Got a pair of twisted boots {god gift}
 57392 | Spider:3 | Identified the +0 pair of boots of Ogeekk {+Inv rC- Dex+4
                  | Slay+5} (Okawaru gifted it to you on level 3 of the Spider
                  | Nest)
 58774 | Spider:4 | Entered Level 4 of the Spider Nest
 59643 | Spider:4 | Noticed Arachne
 59669 | Spider:4 | HP: 3/121 [redback (4)]
 59669 | Spider:4 | Slain by a jumping spider

Levels and vault maps discovered:
D:1:      lemuel_arrival_rhombus, layout_basic
D:2:      layout_basic, amethyst_overflow_temple_binary, tgw_fedhas,
          gammafunk_temple_overflow_elements, uniq_sigmund
D:3:      layout_loops_ring, okawaru_gym_becter,
          chequers_temple_overflow_statue_of_worship,
          nicolae_dithmenos_shadow_blocks, uniq_terence, uniq_grinder
D:4:      layout_loops_ring, minmay_temple_entry_stoned_glass, serial_shops,
          nicolae_shop_waterfront, kennysheep_another_room
D:5:      layout_rooms, serial_undead, serial_undead_b, serial_undead_d,
          serial_undead_e, serial_undead_a, serial_undead_b, serial_undead_f,
          serial_undead_e, first_ration, nrook_uturn
D:6:      layout_basic, nicolae_overflow_hidden_temple
D:7:      layout_basic, serial_glass, glass_columns_c, glass_columns_a,
          nicolae_ossuary_entry_monument, uniq_menkaure, uniq_crazy_yiuf_cottage
D:8:      layout_loops_cross, ebering_ghost_funeral_grove, serial_shops,
          kennysheep_little_box
D:9:      layout_gridville, david_lair_shrubbed, hiddenorc2_lemuel, uniq_psyche,
          uniq_grum
D:10:     layout_basic, uniq_erica
D:11:     layout_big_octagon
D:12:     layout_stronghold, nicolae_straight_to_the_point
D:13:     layout_basic
D:14:     minmay_the_grid_four_pointed_star_mashed
          [minmay_the_grid_triangle_9x9_corrupted_corridor,
          minmay_the_grid_triangle_9x9_zippers_vertical,
          minmay_the_grid_triangle_9x9_pentomino_pain,
          minmay_the_grid_triangle_9x9_sparse_checkered,
          minmay_the_grid_prize_big_room], layout_irregular_city, erik_vaults_1,
          grunt_tengu_nest, minivault_16
D:15:     hangedman_slaughterboxes
Lair:1:   layout_misc_corridors, portal_ice_cave_entry_pillars_1,
          serial_bayou_shore_b
Lair:2:   layout_regular_city, uniq_harold
Lair:3:   layout_hall_layers, spider_nest_entry_funnel_web, grunt_megastairs_4
Lair:4:   beast_lair_carwin_large_4, layout_cave_pods, minmay_swamp_entry_eels,
          lemuel_oklob_altar
Lair:5:   layout_loops_ring, minmay_slime_entry_jelly_boxes, uniq_nessos
Lair:6:   due_jungle_book, layout_cave_pods, fungi_pond_lemuel,
          serial_bayou_lagoon_a, grunt_megastairs_3
Swamp:1:  layout_basic_swamp, serial_swamp_ruin, evilmike_swamp_ruin_house_3,
          evilmike_swamp_ruin_rubble_1, evilmike_swamp_ruin_house_6, swamp_pool1
Swamp:2:  layout_basic_swamp, hangedman_swamp_cone, swamp_pool1
Swamp:3:  layout_basic_swamp, gammafunk_ghost_cemetery,
          evilmike_swamp_ruin_house_1
Swamp:4:  swamp_vile, layout_basic_swamp
Spider:1: layout_spider_delve, ebering_ghost_disaster_area,
          hangedman_spider_tarantella_strand, uniq_asterion
Spider:2: layout_spider_delve
Spider:3: layout_chambers, drop_trap, zaba_anthell
Spider:4: johnstein_spider_rune_arachne_lair, nicolae_looking_at_the_future,
          uniq_arachne
Orc:1:    layout_caves, serial_shops, shop, uniq_fannar
Orc:2:    st_orc_open, layout_diamond_mine, serial_shops,
          nicolae_shop_statue_plus, ebering_ghost_gozag, uniq_rupert,
          uniq_azrael, uniq_donald

Skill      XL: |  1  2  3  4  5  6  7  8  9 10 11 12 13 14 15 16 17 18 19 |
---------------+----------------------------------------------------------+-----
Shields        | 4 6 7 9 |  9.0
Maces & Flails | 1 3 4 5 7 9 11 | 11.8
Invocations    | 6 9 |  9.1
Evocations     | 2 8 9 |  9.1
Armour         | 5 9 10 | 10.1
Axes           | 9 13 15 17 20 21 23 24 | 24.8
Fighting       | |  3.2

Action                   |  1- 3 |  4- 6 |  7- 9 | 10-12 | 13-15 | 16-18 | 19-21 || total
-------------------------+-------+-------+-------+-------+-------+-------+-------++-------
Melee: War axe           |    71 |       |       |   308 |   696 |   137 |       ||  1212
       Whip              |    37 |    93 |   634 |   788 |       |       |       ||  1552
       Flail             |       |       |       |   179 |       |       |       ||   179
       Hand axe          |       |       |       |       |    36 |       |       ||    36
       Eveningstar       |       |       |       |       |   548 |    96 |       ||   644
       Demon whip        |       |       |       |       |       |  1852 |   660 ||  2512
       Executioner's axe |       |       |       |       |       |       |   124 ||   124
Throw: Throwing net      |       |       |       |       |     3 |     1 |       ||     4
Invok: Heroism           |       |       |       |     3 |    10 |    17 |       ||    30
       Finesse           |       |       |       |       |     1 |     9 |       ||    10
 Abil: Stop Flying       |       |       |       |       |     1 |       |       ||     1
       Evoke Flight      |       |       |       |       |       |     1 |       ||     1
Evoke: Wand              |       |       |       |       |     8 |     8 |       ||    16
  Use: Scroll            |       |       |    10 |    12 |     7 |     6 |     2 ||    37
       Potion            |       |       |     1 |       |     2 |     3 |       ||     6
 Stab: Distracted        |       |       |     1 |       |       |       |       ||     1
       Invisible         |       |       |     2 |       |       |       |       ||     2
       Paralysed         |       |       |       |       |     6 |       |       ||     6
       Held in net/web   |       |       |       |       |     3 |       |     1 ||     4
  Eat: Chunk             |       |     5 |    13 |    20 |    32 |    22 |    14 ||   106
       Ration            |       |       |       |     4 |     6 |    14 |     1 ||    25
Armor: Scale mail        |    59 |    13 |       |       |       |       |       ||    72
       Chain mail        |       |    16 |   139 |     4 |       |       |       ||   159
       Plate armour      |       |       |       |   283 |   419 |   549 |   254 ||  1505
Dodge: Dodged            |    43 |    31 |   105 |   190 |   241 |   384 |   195 ||  1189
Block: Shield            |    65 |    36 |   241 |   517 |   635 |   930 |   402 ||  2826
       Reflection        |       |       |       |       |     2 |    35 |       ||    37

Table legend:
 A = Non-vault XP
 B = Vault XP
 C = Vault XP percentage of total XP
 D = Non-vault monster count
 E = Vault monster count
 F = Vault count percentage of total count
                 A         B        C        D         E       F
            +---------+---------+-------+---------+---------+-------
      Total |  181371 |  137878 |  43.2 |     838 |     392 |  31.9
            +---------+---------+-------+---------+---------+-------
        D:1 |      31 |       0 |   0.0 |      19 |       0 |   0.0
        D:2 |      64 |     227 |  78.0 |      20 |       1 |   4.8
        D:3 |     250 |     315 |  55.8 |      35 |       2 |   5.4
        D:4 |     279 |       0 |   0.0 |      15 |       0 |   0.0
        D:5 |     969 |     194 |  16.7 |      21 |      18 |  46.2
        D:6 |    1368 |       0 |   0.0 |      19 |       0 |   0.0
        D:7 |    1078 |     210 |  16.3 |      24 |       2 |   7.7
        D:8 |    3984 |       0 |   0.0 |      47 |       0 |   0.0
        D:9 |    3557 |    1448 |  28.9 |      34 |      37 |  52.1
       D:10 |    3975 |     664 |  14.3 |      31 |       1 |   3.1
       D:11 |    2745 |       0 |   0.0 |      28 |       0 |   0.0
       D:12 |    2970 |       0 |   0.0 |      28 |       0 |   0.0
       D:13 |   10894 |       0 |   0.0 |      40 |       0 |   0.0
       D:14 |    1846 |   11017 |  85.6 |       6 |      17 |  73.9
       D:15 |       0 |   42758 | 100.0 |       0 |      81 | 100.0
     Lair:1 |    3338 |       0 |   0.0 |      14 |       0 |   0.0
     Lair:2 |    4882 |    1013 |  17.2 |      25 |       1 |   3.8
     Lair:3 |    4344 |     700 |  13.9 |      18 |       4 |  18.2
     Lair:4 |    3986 |    7642 |  65.7 |      13 |      18 |  58.1
     Lair:5 |    6249 |    2740 |  30.5 |      19 |      16 |  45.7
     Lair:6 |   17048 |    2916 |  14.6 |      51 |       5 |   8.9
    Swamp:1 |   15252 |       0 |   0.0 |      34 |       0 |   0.0
    Swamp:2 |    9926 |       0 |   0.0 |      19 |       0 |   0.0
    Swamp:3 |   12721 |       0 |   0.0 |      36 |       0 |   0.0
    Swamp:4 |   10877 |   20480 |  65.3 |      27 |      30 |  52.6
   Spider:1 |    7505 |    2787 |  27.1 |      26 |       2 |   7.1
   Spider:2 |   20652 |    2255 |   9.8 |      57 |       7 |  10.9
   Spider:3 |   18510 |    5341 |  22.4 |      48 |      40 |  45.5
   Spider:4 |    8370 |   10311 |  55.2 |      24 |      31 |  56.4
      Orc:1 |    1381 |    2298 |  62.5 |      19 |       4 |  17.4
      Orc:2 |    2320 |   22334 |  90.6 |      41 |      44 |  51.8
    Ossuary |       0 |     228 | 100.0 |       0 |      31 | 100.0
            +---------+---------+-------+---------+---------+-------
